 Dungeon Crawl Stone Soup version 0.30-a0-141-g30f27751c5 (webtiles) character file.

Game seed: 12578210802471909772

870 qw the Chopper (level 8, -9/48 HPs)
             Began as a Gargoyle Fighter on Sept 25, 2022.
             Mangled by a hornet (13 damage)
             ... on level 5 of the Dungeon.
             The game lasted 00:01:30 (5438 turns).

qw the Chopper (Gargoyle Fighter)                   Turns: 5438, Time: 00:01:31

Health: -9/48      AC: 14    Str: 22    XL:     8   Next: 3%
Magic:  8/8        EV:  9    Int:  9    God:
Gold:   43         SH:  4    Dex:  9    Spells: 7/7 levels left

rFire   . . .      SeeInvis .    Y - +5 war axe (flame)
rCold   . . .      Faith    .    c - +0 buckler
rNeg    + . .      Spirit   .    b - +0 scale mail
rPois   inf        Reflect  .    (no helmet)
rElec   +          Harm     .    (no cloak)
rCorr   .          Rampage  .    k - +1 pair of gloves
Will    +....                    (no boots)
Stlth   ..........               (no amulet)
HPRegen 0.16/turn                h - ring of willpower
MPRegen 0.11/turn                (no ring)

@: about to teleport
A: sickness immunity, AC +5, negative energy resistance 1, electricity
resistance, torment resistance 1, petrification resistance
a: no special abilities


You were on level 5 of the Dungeon.
You visited 1 branch of the dungeon, and saw 7 of its levels.

You collected 99 gold pieces.
You spent 56 gold pieces at shops.


Innate Abilities, Weirdness & Mutations

You are immune to sickness and miasma.
Your stone body is resilient. (AC +5)
You are immune to poison.
You resist negative energy. (rN+)
You are resistant to electric shocks. (rElec)
You are resistant to unholy torment.
You are immune to petrification.


   Skills:
 + Level 4.6 Fighting
 - Level 7.2 Axes
 - Level 1.7 Throwing
 - Level 3.2 Armour
 - Level 1.3 Dodging
 - Level 3.2 Shields


You had 7 spell levels left.
You didn't know any spells.
Your spell library was empty.

Inventory:

Hand Weapons
 Y - a +5 war axe of flaming (weapon)
Armour
 b - a +0 scale mail (worn)
 c - a +0 buckler (worn)
 k - a +1 pair of gloves (worn)
Jewellery
 g - a ring of fire
 h - a ring of willpower (left hand)
Scrolls
 j - a scroll of teleportation
 o - a scroll of identify
Potions
 a - 2 potions of lignification
 d - a potion of might
 e - 3 potions of curing
 f - 2 potions of mutation
 l - 2 potions of attraction
 n - a potion of haste
 p - a potion of flight {unknown}

Dungeon Overview and Level Annotations

Branches:
Dungeon (7/15)
 Temple: D:4-7

Altars:
Cheibriados
Fedhas
Hepliaklqana
Kikubaaqudgha
Qazlal
Trog
Uskayaw
Vehumet
Wu Jian

Shops:
D:1 ?   D:4 *

Annotations:
D:3 3 runed translucent doors, qw's ghost, amateur GrFi


Message History

The hornet is moderately wounded.
The hornet stings you but does no damage.
The hornet barely misses you.
You closely miss the hornet.
The hornet is moderately wounded.
The hornet barely misses you. You block the hornet's attack.
You miss the hornet.
The hornet is moderately wounded.
The hornet closely misses you.
You miss the hornet.
The hornet is moderately wounded.
The hornet stings you. x2
You slash the hornet! You burn the hornet.
The hornet is almost dead.
The hornet stings you. The hornet stings you!
You closely miss the hornet.
The hornet is almost dead.
The hornet closely misses you.
The hornet stings you but does no damage.
You closely miss the hornet.
The hornet is almost dead.
The hornet stings you. x2
You hit the hornet. You burn the hornet.
The hornet is almost dead.
The hornet stings you. x2
You barely miss the hornet.
The hornet is almost dead.
The hornet stings you but does no damage.
You hit the hornet but do no damage.
The hornet is almost dead.
The hornet stings you but does no damage.
The hornet closely misses you.
You closely miss the hornet.
The hornet is almost dead.
The hornet closely misses you. The hornet stings you!
5438 ||| READING 2 scrolls of teleportation.
As you read the scroll of teleportation, it crumbles to dust.
You feel strangely unstable. The hornet stings you!
You die...

..#.# .#... #.#.##.###.###.#
..'.#..#....# #.#.##...#.#...#
'###'..'....# #.#.#..#.#.###.##
....#..#....###.#.!..#.....#..#
....#..#.##...#.#....###.#.#..#
'###'###'##...#.####..........#
...#.....(....#.#....###.#.#..#
...#..%.......#.#.##.#.....#..#
...#......)....y@.##.#.#.###..#
.........##...#.####...#.#....#
.....###.##.....#....###.###..#
.###..##......###.#........%..#
.####.....#######..<....###...#
....<................#### #..##
#####..###...........# #.##
#..####.#######.## #.#
#>........# #.# #.#


You could see a hornet.

Vanquished Creatures
  Eustachio (D:5)
  A water moccasin (D:7)
  A centaur (D:7)
  2 necrophages (D:5)
  A scorpion (D:4)
  3 hounds (D:5)
  2 jellies
  2 iguanas (D:5)
  A mummy (D:4)
  6 adders
  2 ufetubi (D:3)
  2 worms
  5 dart slugs
  6 orcs
  4 ball pythons
  5 endoplasms
  A giant cockroach (D:4)
  7 goblins
  3 hobgoblins
  7 quokkas
  3 bats
  2 frilled lizards
  6 kobolds
  3 rats (D:3)
76 creatures vanquished.

Notes
Turn   | Place    | Note
-------+----------+-------------------------------------------
     0 | D:1      | qw the Gargoyle Fighter began the quest for the Orb.
     0 | D:1      | Reached XP level 1. HP: 14/14 MP: 1/1
     0 | D:1      | 0 ||| qw: Version: 0.2-a-10-g399e6c4
     0 | D:1      | 0 ||| qw: Game counter: 342
     0 | D:1      | 0 ||| qw: Always use a shield: true
     0 | D:1      | 0 ||| qw: God list: Okawaru
     0 | D:1      | 0 ||| qw: Allow faded altars: false
     0 | D:1      | 0 ||| qw: Do Orc after D:15 true
     0 | D:1      | 0 ||| qw: Do second Lair branch before Depths: true
     0 | D:1      | 0 ||| qw: Lair rune preference: random
     0 | D:1      | 0 ||| qw: Plans: Normal, Zot:1-4, God:TSO, Crypt, Tomb,
                  | Pan, Slime:5, Hells, Abyss, Orb
     0 | D:1      | 0 ||| PLANNING D:1-11
   176 | D:1      | Reached skill level 2 in Axes
   446 | D:1      | Reached XP level 2. HP: 19/19 MP: 2/2
   629 | D:1      | 629 ||| Stepping ~*~*~tactically~*~*~ (hiding).
   894 | D:1      | Reached skill level 3 in Axes
  1045 | D:1      | Found Deg Boaf's Magic Scroll Boutique.
  1048 | D:1      | 1048 ||| BUYING scroll of identify (26 gold).
  1048 | D:1      | Bought a scroll of identify for 26 gold pieces
  1048 | D:1      | 1048 ||| SHOPLISTING scroll of identify (26 gold, have 21).
  1048 | D:1      | 1048 ||| SHOPLISTING scroll of teleportation (39 gold, have
                  | 21).
  1169 | D:1      | Reached XP level 3. HP: 23/23 MP: 3/3
  1185 | D:1      | 1185 ||| READING scroll labelled LYNIUV DAGGURU.
  1186 | D:1      | 1186 ||| READING scroll labelled ONLIMU WAIFFUT.
  1187 | D:1      | 1187 ||| READING scroll labelled SUK ELIROD.
  1188 | D:1      | 1188 ||| READING scroll labelled ARCHUTW FANY.
  1189 | D:1      | 1189 ||| READING scroll labelled TUWOYL QAFUNOSCH.
  1189 | D:1      | Identified a scroll of acquirement
  1189 | D:1      | 1189 ||| ACQUIRING +2 war axe of flaming
  1189 | D:1      | Acquired a +2 war axe of flaming
  1191 | D:1      | 1191 ||| SWAPPING to +2 war axe of flaming.
  1192 | D:1      | 1192 ||| DROPPING +0 club.
  1193 | D:1      | 1193 ||| DROPPING +1 war axe.
  1194 | D:1      | 1194 ||| DRINKING 3 blue potions.
  1195 | D:1      | 1195 ||| DROPPING 2 potions of degeneration.
  1743 | D:2      | 1743 ||| Stepping ~*~*~tactically~*~*~ (stealth).
  1875 | D:2      | 1875 ||| Stepping ~*~*~tactically~*~*~ (stealth).
  1876 | D:2      | 1876 ||| Stepping ~*~*~tactically~*~*~ (stealth).
  1879 | D:2      | 1879 ||| Stepping ~*~*~tactically~*~*~ (stealth).
  1880 | D:2      | 1880 ||| Stepping ~*~*~tactically~*~*~ (stealth).
  1906 | D:2      | 1906 ||| Stepping ~*~*~tactically~*~*~ (stealth).
  1908 | D:2      | 1908 ||| Stepping ~*~*~tactically~*~*~ (stealth).
  1961 | D:2      | Reached XP level 4. HP: 27/28 MP: 4/4
  2249 | D:2      | 2249 ||| UPGRADING to ring of willpower.
  2250 | D:2      | 2250 ||| READING scroll labelled AZYEHEACZUMO.
  2251 | D:2      | 2251 ||| READING scroll labelled IHUQOF MIEMNY.
  2306 | D:2      | 2306 ||| DRINKING 2 viscous grey potions.
  2307 | D:2      | 2307 ||| READING 2 scrolls of identify.
  2307 | D:2      | 2307 ||| IDENTIFYING murky black potion
  2500 | D:3      | Found a stormy altar of Qazlal.
  2645 | D:3      | Found a runed translucent gate.
  2645 | D:3      | Found a runed translucent gate.
  2649 | D:3      | Noticed qw's ghost (amateur GrFi)
  2650 | D:3      | Found a runed translucent gate.
  2713 | D:3      | Found a faded altar of an unknown god.
  2852 | D:3      | 2852 ||| Stepping ~*~*~tactically~*~*~ (stealth).
  2855 | D:3      | Reached skill level 4 in Axes
  2964 | D:3      | 2964 ||| DROPPING ring of wizardry.
  2965 | D:3      | 2965 ||| READING scroll labelled DELANU BAITITOSE.
  2966 | D:3      | 2966 ||| READING 2 scrolls of identify.
  2966 | D:3      | 2966 ||| IDENTIFYING fuming yellow potion
  2999 | D:4      | 2999 ||| STAIRDANCE
  2999 | D:4      | Noticed a scorpion
  3158 | D:4      | 3158 ||| STAIRDANCE
  3181 | D:4      | Killed a scorpion
  3182 | D:4      | Reached XP level 5. HP: 24/32 MP: 5/5
  3182 | D:4      | 3182 ||| STAIRDANCE
  3310 | D:4      | 3310 ||| READING 3 scrolls of enchant weapon.
  3310 | D:4      | 3310 ||| ENCHANTING +2 war axe of flaming.
  3311 | D:4      | 3311 ||| READING 2 scrolls of enchant weapon.
  3311 | D:4      | 3311 ||| ENCHANTING +3 war axe of flaming.
  3312 | D:4      | 3312 ||| READING scroll of enchant weapon.
  3312 | D:4      | 3312 ||| ENCHANTING +4 war axe of flaming.
  3388 | D:4      | Found an ornate altar of the Wu Jian Council.
  3493 | D:4      | You fall into a shaft and drop 3 floors!
  3504 | D:7      | 3504 ||| READING scroll labelled GETEFOX CIMU.
  3509 | D:7      | 3509 ||| DRINKING 3 clear potions.
  3558 | D:7      | Noticed a water moccasin
  3571 | D:7      | Killed a water moccasin
  3572 | D:7      | Reached skill level 5 in Axes
  3572 | D:7      | Reached XP level 6. HP: 19/37 MP: 6/6
  3631 | D:7      | 3631 ||| Stepping ~*~*~tactically~*~*~ (stealth).
  3702 | D:7      | 3702 ||| Stepping ~*~*~tactically~*~*~ (stealth).
  3708 | D:7      | 3708 ||| Stepping ~*~*~tactically~*~*~ (stealth).
  3710 | D:7      | 3710 ||| Stepping ~*~*~tactically~*~*~ (stealth).
  3844 | D:6      | Found an ancient bone altar of Kikubaaqudgha.
  3857 | D:5      | Entered Level 5 of the Dungeon
  3874 | D:5      | Noticed Eustachio
  3875 | D:5      | 3875 ||| Stepping ~*~*~tactically~*~*~ (stealth).
  3887 | D:5      | Reached skill level 1 in Dodging
  3912 | D:5      | 3912 ||| Stepping ~*~*~tactically~*~*~ (stealth).
  3920 | D:5      | HP: 9/38 [Eustachio/+0 falchion (7)]
  3921 | D:5      | 3921 ||| READING 3 scrolls of teleportation.
  4166 | D:5      | Reached skill level 6 in Axes
  4166 | D:5      | Reached XP level 7. HP: 43/43 MP: 7/7
  4178 | D:5      | 4178 ||| UPGRADING to +0 pair of gloves.
  4255 | D:4      | 4255 ||| READING scroll of enchant armour.
  4255 | D:4      | 4255 ||| ENCHANTING +0 pair of gloves.
  4277 | D:4      | 4277 ||| Stepping ~*~*~tactically~*~*~ (hiding).
  4431 | D:4      | Found Pacsus's General Store.
  4444 | D:4      | 4444 ||| SHOPLISTING 3 scrolls of teleportation (90 gold,
                  | have 46).
  4444 | D:4      | 4444 ||| BUYING potion of attraction (30 gold).
  4444 | D:4      | Bought a potion of attraction for 30 gold pieces
  4444 | D:4      | 4444 ||| SHOPLISTING potion of curing (30 gold, have 16).
  4444 | D:4      | 4444 ||| SHOPLISTING scroll of identify (20 gold, have 16).
  4462 | D:4      | 4462 ||| Stepping ~*~*~tactically~*~*~ (stealth).
  4821 | D:4      | Found a blossoming altar of Fedhas.
  4901 | D:4      | Found a snail-covered altar of Cheibriados.
  4919 | D:4      | 4919 ||| READING 2 scrolls of identify.
  4919 | D:4      | 4919 ||| IDENTIFYING silvery potion
  4920 | D:4      | 4920 ||| DROPPING potion of magic.
  4963 | D:5      | Found a hazy altar of Hepliaklqana.
  4970 | D:5      | Reached skill level 1 in Throwing
  4991 | D:5      | Found a bloodstained altar of Trog.
  4994 | D:5      | Found a radiant altar of Vehumet.
  5033 | D:5      | 5033 ||| Stepping ~*~*~tactically~*~*~ (stealth).
  5165 | D:5      | 5165 ||| Stepping ~*~*~tactically~*~*~ (stealth).
  5240 | D:5      | Killed Eustachio
  5241 | D:5      | Reached skill level 7 in Axes
  5243 | D:5      | 5243 ||| Stepping ~*~*~tactically~*~*~ (stealth).
  5263 | D:5      | Found a hide-covered altar of Uskayaw.
  5285 | D:5      | Reached XP level 8. HP: 42/48 MP: 8/8
  5329 | D:5      | Identified the +6 morningstar "Yraogho" {chaos, rPois rF+
                  | rC++}
  5424 | D:5      | Noticed a hornet
  5437 | D:5      | HP: 4/48 [hornet (11)]
  5438 | D:5      | 5438 ||| READING 2 scrolls of teleportation.
  5438 | D:5      | Mangled by a hornet

Levels and vault maps discovered:
D:1:      nagdon_arrival_double_spiral, layout_loops_ring, serial_shops,
          nicolae_shop_behind_doors, nicolae_titane
D:2:      layout_basic
D:3:      layout_basic, grunt_qazlal_clouds, ebering_ghost_rock_garden,
          basic_ecumenical_altar, chequers_decorated_corner
D:4:      layout_loops_ring, fedhas_altar_fruit_tree,
          mainiacjoe_overflow_six_doors_small, slow_altar_2, serial_shops,
          nicolae_square_shop
D:5:      layout_basic, mainiacjoe_overflow_24_doors,
          grunt_temple_overflow_cloverleaf, nicolae_sextant,
          minmay_misc_feat_roman, uniq_eustachio
D:6:      layout_cave_pools, lemuel_round_altar, serial_shops, shop,
          uniq_sigmund, uniq_menkaure
D:7:      layout_loops_ring, nicolae_xom_altar_mimics, temple_doors_e,
          gammafunk_ghost_necromancy

Skill      XL: |  1  2  3  4  5  6  7 |
---------------+----------------------+-----
Axes           | 2 3 4 5 6 7 |  7.2
Fighting       | 4 |  4.6
Dodging        | 1 |  1.3
Throwing       | 1 |  1.7
Armour         | |  3.2
Shields        | |  3.2

Action                   |  1- 3 |  4- 6 |  7- 9 || total
-------------------------+-------+-------+-------++-------
Melee: War axe           |    65 |    86 |    78 ||   229
Throw: Javelin           |       |       |    12 ||    12
  Use: Scroll            |     5 |    10 |     3 ||    18
       Potion            |     1 |     2 |       ||     3
Armor: Scale mail        |    21 |    50 |    37 ||   108
Dodge: Dodged            |    17 |    52 |    31 ||   100
Block: Buckler           |     7 |    19 |     8 ||    34

Table legend:
 A = Non-vault XP
 B = Vault XP
 C = Vault XP percentage of total XP
 D = Non-vault monster count
 E = Vault monster count
 F = Vault count percentage of total count
                 A         B        C        D         E       F
            +---------+---------+-------+---------+---------+-------
      Total |    1018 |     226 |  18.2 |      74 |       2 |   2.6
            +---------+---------+-------+---------+---------+-------
        D:1 |      34 |       0 |   0.0 |      17 |       0 |   0.0
        D:2 |      48 |       0 |   0.0 |      11 |       0 |   0.0
        D:3 |      39 |       0 |   0.0 |      14 |       0 |   0.0
        D:4 |     146 |      18 |  11.0 |      16 |       1 |   5.9
        D:5 |     440 |     208 |  32.1 |      12 |       1 |   7.7
        D:7 |     311 |       0 |   0.0 |       4 |       0 |   0.0
            +---------+---------+-------+---------+---------+-------
